 Dungeon Crawl Stone Soup version 0.30-a0-760-g5a9884bb7c (webtiles) character file.

Game seed: 3277793448458593694

2 sircluck the Ducker (level 1, -1/13 HPs)
             Began as a Demonspawn Wanderer on Feb 10, 2023.
             Slain by a kobold
             ... wielding a +0 whip
              (3 damage)
             ... on level 1 of the Dungeon.
             The game lasted 00:00:33 (48 turns).

sircluck the Ducker (Demonspawn Wanderer)             Turns: 48, Time: 00:00:33

Health: -1/13      AC:  3    Str: 10    XL:     1   Next: 25%
Magic:  2/2        EV: 13    Int: 11    God:
Gold:   0          SH:  0    Dex: 16    Spells: 1/2 levels left

rFire   . . .      SeeInvis .    a - +0 dagger
rCold   . . .      Faith    .    (no shield)
rNeg    . . .      Spirit   .    f - +0 robe
rPois   .          Reflect  .    (no helmet)
rElec   .          Harm     .    (no cloak)
rCorr   .          Rampage  .    (no gloves)
Will    .....                    d - +0 pair of boots
Stlth   ++                       (no amulet)
HPRegen 0.22/turn                (no ring)
MPRegen 0.08/turn                (no ring)

@: no status effects
A: no striking features
a: no special abilities


You were on level 1 of the Dungeon.
You visited 1 branch of the dungeon, and saw 1 of its levels.

Inventory:

Hand Weapons
 a - a +0 dagger (weapon)
Missiles
 b - 2 atropa-tipped darts (quivered)
 c - 2 datura-tipped darts
Armour
 d - a +0 pair of boots (worn)
 f - a +0 robe (worn)
Potions
 e - a potion of heal wounds


   Skills:
 + Level 1.0 Armour
 + Level 3.6 Dodging
 + Level 2.6 Stealth
 + Level 1.0 Spellcasting
 + Level 1.0 Conjurations


You had one spell level left.
You knew the following spells:

 Your Spells              Type           Power      Damage    Failure   Level
a - Kiss of Death         Conj/Necr      4%         2d5       26%         1

Your spell library contained the following spells:

 Spells                   Type           Power      Damage    Failure   Level
 Stone Arrow              Conj/Erth      2%         3d7       61%         3


Dungeon Overview and Level Annotations

Branches:
Dungeon (1/15)

Altars:


Message History

You are too injured to fight recklessly!
You are too injured to fight recklessly!
You are too injured to fight recklessly!
You are too injured to fight recklessly!
You are too injured to fight recklessly!
You are too injured to fight recklessly!
You are too injured to fight recklessly!
You hit the kobold but do no damage. The kobold hits you with a +0 whip.
* * * LOW HITPOINT WARNING * * *
You closely miss the kobold. The kobold barely misses you.
You closely miss the kobold. The kobold hits you with a +0 whip.
* * * LOW HITPOINT WARNING * * *
You completely miss the kobold. The kobold barely misses you.
You barely miss the kobold. The kobold misses you.
The kobold throws a stone.
The stone closely misses you.
The kobold throws a stone.
The stone completely misses you.
The kobold throws a stone.
The stone barely misses you.
The kobold throws a stone.
The stone closely misses you.
You hit the kobold but do no damage. The kobold hits you with a +0 whip.
* * * LOW HITPOINT WARNING * * *
You hit the kobold.
The kobold is severely wounded.
The kobold barely misses you.
You barely miss the kobold.
The kobold is heavily wounded.
The kobold barely misses you.
You barely miss the kobold.
The kobold is heavily wounded.
The kobold hits you but does no damage.
You barely miss the kobold.
The kobold is heavily wounded.
The kobold hits you with a +0 whip.
* * * LOW HITPOINT WARNING * * *
You hit the kobold but do no damage.
The kobold is heavily wounded.
The kobold barely misses you.
You miss the kobold.
The kobold is heavily wounded.
The kobold hits you with a +0 whip.
You die...

....### .......#
.......# ###.
##.......# # #...
#........#
#.###...#####.#......#
#....................#
...#########...#.....#
..............@# #####
.............#K#
.......<.....#.#
...............#
...............#
...#########.#.#######
.............#........
.##...#....##..)$.....
#.#.####............


You could see a kobold.

Vanquished Creatures
  A giant cockroach (D:1)
  A kobold (D:1)
2 creatures vanquished.

Notes
Turn   | Place    | Note
-------+----------+-------------------------------------------
     0 | D:1      | sircluck the Demonspawn Wanderer began the quest for the
                  | Orb.
     0 | D:1      | sircluck set off with the following items: a +0 dagger, 2
                  | atropa-tipped darts, 2 datura-tipped darts, a +0 pair of
                  | boots, a potion of heal wounds, a +0 robe; and the
                  | following spell memorised: Kiss of Death; and the following
                  | spells available to memorise: Stone Arrow.
     0 | D:1      | Reached XP level 1. HP: 13/13 MP: 2/2
    48 | D:1      | Slain by a kobold

Illustrated notes

Levels and vault maps discovered:
D:1:      minmay_arrival_semitransparent, layout_rooms,
          shapermc_ecumenical_altar_mp_ritualfount

Action                     || total
---------------------------++-------
  Melee: Dagger            ||    25
 Armour: Robe              ||    10
  Dodge: Dodged            ||    24

Table legend: (Time is in decaauts)
 A = Elapsed time spent in this place.
 B = Non-inter-level travel time spent in this place.
 C = Inter-level travel time spent in this place.
 D = Time resting spent in this place.
 E = Time spent auto-exploring this place.
 F = Levels seen in this place.
 G = Mean time per level.
                   A        B        C        D        E       F      G
               +--------+--------+--------+--------+--------+-----+--------+
         Total |     48 |     48 |      0 |      0 |      8 |   1 |   48.0 |
       Dungeon |     48 |     48 |      0 |      0 |      8 |   1 |   48.0 |
               +--------+--------+--------+--------+--------+-----+--------+

Top non-repeatable levels by time:
     D:1: 48 daAuts
